 Dungeon Crawl Stone Soup version 0.26-a0-1213-gd52f5182fe (webtiles) character file.

Game seed: 6676672684479255688

254 Gargoyl the Skirmisher (level 6, -22/53 HPs)
             Began as a Gnoll Abyssal Knight on Dec 29, 2020.
             Was a Follower of Lugonu.
             Annihilated by a bone dragon (24 damage)
             ... on level 1 of the Abyss on Dec 30, 2020.
             The game lasted 00:00:57 (127 turns).

Gargoyl the Skirmisher (Gnoll Abyssal Knight)        Turns: 127, Time: 00:00:58

Health: -22/53     AC:  3    Str: 16    XL:     6   Next: 14%
Magic:  9/9        EV: 13    Int: 14    God:    Lugonu [*.....]
Gold:   6          SH:  0    Dex: 15    Spells: 8/8 levels left

rFire    . . .     SeeInvis .   a - +1 hand axe
rCold    . . .     Faith    .   (no shield)
rNeg     . . .     Spirit   .   b - +0 leather armour
rPois    .         Reflect  .   (no helmet)
rElec    .         Harm     .   (no cloak)
rCorr    .         Rampage  .   (no gloves)
Will     .....                  (no boots)
Stlth    +.........             (no amulet)
HPRegen  0.17/turn              (no ring)
MPRegen  0.11/turn              (no ring)

@: confused
A: distributed training, fangs 1, strong nose
a: Renounce Religion, Depart the Abyss


You were on level 1 of the Abyss.
You worshipped Lugonu.
Lugonu was aware of your devotion.
You visited 0 branches of the dungeon, and saw 0 of its levels.
You visited the Abyss 1 time.

You collected 6 gold pieces.

Inventory:

Hand Weapons
 a - a +1 hand axe (weapon)
Armour
 b - a +0 leather armour (worn)


   Skills:
 + Level 6.8 Fighting
 + Level 1.8 Short Blades
 + Level 1.8 Long Blades
 + Level 4.9 Axes
 + Level 1.8 Maces & Flails
 + Level 1.8 Polearms
 + Level 1.8 Staves
 + Level 1.8 Slings
 + Level 1.8 Bows
 + Level 1.8 Crossbows
 + Level 1.8 Throwing
 + Level 4.9 Armour
 + Level 3.1 Dodging
 + Level 1.8 Stealth
 + Level 1.8 Shields
 + Level 1.8 Unarmed Combat
 + Level 1.8 Spellcasting
 + Level 1.4 Conjurations
 + Level 1.4 Hexes
 + Level 1.4 Summonings
 + Level 1.4 Necromancy
 + Level 1.4 Translocations
 + Level 1.4 Transmutations
 + Level 1.4 Fire Magic
 + Level 1.4 Ice Magic
 + Level 1.4 Air Magic
 + Level 1.4 Earth Magic
 + Level 1.4 Poison Magic
 + Level 5.0 Invocations
 + Level 1.8 Evocations


You had 8 spell levels left.
You didn't know any spells.
Your spell library was empty.

Dungeon Overview and Level Annotations

Branches:
Dungeon (0/15)

Altars:


Innate Abilities, Weirdness & Mutations

Your experience applies equally to all skills.
You have very sharp teeth.
Your uncanny sense of smell can sniff out nearby items.


Message History

You easily resist.
Welcome back, Gargoyl the Gnoll Abyssal Knight.
Lugonu says: Spread carnage and corruption!
Press ? for a list of commands and other information.
You bump into the stone wall.
You bump into the rock wall.
The golden eye blinks at you. You resist with almost no effort.
The bone dragon bites you!! The bone dragon claws you!
The bone dragon tramples you!
* * * LOW HITPOINT WARNING * * *
You hold your ground!
The golden eye blinks at you.
You are more confused.
Unknown command.
Unknown command.
Unknown command.
Unknown command.
Unknown command.
You bump into the rock wall.
The bone dragon bites you!!
You die...

##..# # . # #.#
##.# #.## # # ##
# . # #.#
##.#####. ##...
#. .#@#.. .. #
#.D###..#.#. #
#G##..# ..
#.##.§D##.##
#... #.# # . .
#....#.#...#.#..
#..
######.#.##.....
. # . # ## . .#
###. #. .# .


You could see a bone dragon and a golden eye.

Vanquished Creatures
  2 golden eyes (Abyss:1)
2 creatures vanquished.

Vanquished Creatures (others)
  A small abomination (Abyss:1)
1 creature vanquished.

Grand Total: 3 creatures vanquished

Notes
Turn   | Place    | Note
-------+----------+-------------------------------------------
     0 | Abyss:1  | Gargoyl the Gnoll Abyssal Knight began the quest for the
                  | Orb.
     0 | Abyss:1  | Reached XP level 1. HP: 23/23 MP: 3/3
    92 | Abyss:1  | Noticed a bone dragon
   101 | Abyss:1  | Noticed a golden eye
   103 | Abyss:1  | Noticed a golden eye
   106 | Abyss:1  | Noticed a golden eye
   110 | Abyss:1  | Killed a small abomination
   112 | Abyss:1  | Noticed a golden eye
   117 | Abyss:1  | Killed a golden eye
   118 | Abyss:1  | Reached skill level 1 in Short Blades
   118 | Abyss:1  | Reached skill level 1 in Long Blades
   118 | Abyss:1  | Reached skill level 1 in Maces & Flails
   118 | Abyss:1  | Reached skill level 1 in Polearms
   118 | Abyss:1  | Reached skill level 1 in Staves
   118 | Abyss:1  | Reached skill level 1 in Slings
   118 | Abyss:1  | Reached skill level 1 in Bows
   118 | Abyss:1  | Reached skill level 1 in Crossbows
   118 | Abyss:1  | Reached skill level 1 in Throwing
   118 | Abyss:1  | Reached skill level 1 in Stealth
   118 | Abyss:1  | Reached skill level 1 in Shields
   118 | Abyss:1  | Reached skill level 1 in Unarmed Combat
   118 | Abyss:1  | Reached skill level 1 in Spellcasting
   118 | Abyss:1  | Reached skill level 1 in Conjurations
   118 | Abyss:1  | Reached skill level 1 in Hexes
   118 | Abyss:1  | Reached skill level 1 in Summonings
   118 | Abyss:1  | Reached skill level 1 in Necromancy
   118 | Abyss:1  | Reached skill level 1 in Translocations
   118 | Abyss:1  | Reached skill level 1 in Transmutations
   118 | Abyss:1  | Reached skill level 1 in Fire Magic
   118 | Abyss:1  | Reached skill level 1 in Ice Magic
   118 | Abyss:1  | Reached skill level 1 in Air Magic
   118 | Abyss:1  | Reached skill level 1 in Earth Magic
   118 | Abyss:1  | Reached skill level 1 in Poison Magic
   118 | Abyss:1  | Reached skill level 1 in Evocations
   118 | Abyss:1  | Reached XP level 2. HP: 29/29 MP: 5/5
   118 | Abyss:1  | Reached XP level 3. HP: 35/35 MP: 6/6
   118 | Abyss:1  | Reached XP level 4. HP: 41/41 MP: 7/7
   118 | Abyss:1  | Reached XP level 5. HP: 47/47 MP: 8/8
   120 | Abyss:1  | Killed a golden eye
   121 | Abyss:1  | Reached skill level 5 in Invocations
   121 | Abyss:1  | Reached XP level 6. HP: 53/53 MP: 9/9
   124 | Abyss:1  | Upgraded the game from 0.26-a0-1205-g4083c211ab to
                  | 0.26-a0-1213-gd52f5182fe
   126 | Abyss:1  | HP: 2/53 [bone dragon (16)]
   127 | Abyss:1  | Annihilated by a bone dragon

Illustrated notes

Levels and vault maps discovered:
Abyss:1:  base: Temple, base: Temple, minivault_11,
          guppyfry_abyss_exit_glass_guarded, base:
Temple

Skill      XL: |  1  2  3  4  5 |
---------------+----------------+-----
Short Blades   | 1 |  1.8
Long Blades    | 1 |  1.8
Maces & Flails | 1 |  1.8
Polearms       | 1 |  1.8
Staves         | 1 |  1.8
Slings         | 1 |  1.8
Bows           | 1 |  1.8
Crossbows      | 1 |  1.8
Throwing       | 1 |  1.8
Stealth        | 1 |  1.8
Shields        | 1 |  1.8
Unarmed Combat | 1 |  1.8
Spellcasting   | 1 |  1.8
Conjurations   | 1 |  1.4
Hexes          | 1 |  1.4
Summonings     | 1 |  1.4
Necromancy     | 1 |  1.4
Translocations | 1 |  1.4
Transmutations | 1 |  1.4
Fire Magic     | 1 |  1.4
Ice Magic      | 1 |  1.4
Air Magic      | 1 |  1.4
Earth Magic    | 1 |  1.4
Poison Magic   | 1 |  1.4
Evocations     | 1 |  1.8
Dodging        | 3 |  3.1
Invocations    | 5 |  5.0
Fighting       | |  6.8
Axes           | |  4.9
Armour         | |  4.9

Action                   |  1- 3 |  4- 6 || total
-------------------------+-------+-------++-------
Melee: Hand axe          |     7 |     3 ||    10

Table legend: (Time is in decaauts)
 A = Elapsed time spent in this place.
 B = Non-inter-level travel time spent in this place.
 C = Inter-level travel time spent in this place.
 D = Time resting spent in this place.
 E = Time spent auto-exploring this place.
 F = Levels seen in this place.
 G = Mean time per level.
                   A        B        C        D        E       F      G
               +--------+--------+--------+--------+--------+-----+--------+
         Total |    127 |    127 |      0 |      0 |     92 |   1 |  127.0 |
         Abyss |    127 |    127 |      0 |      0 |     92 |   1 |  127.0 |
               +--------+--------+--------+--------+--------+-----+--------+

Top non-repeatable levels by time:
 Abyss:1: 127 daAuts
